[Event "SixDays GM March 2024"]
[Site "Budapest"]
[Date "2024.04.03"]
[Round "7.5"]
[White "Pribelszky, Bence"]
[Black "Juhasz, Agoston"]
[Result "0-1"]
[ECO "A09"]
[WhiteElo "2354"]
[BlackElo "2406"]
[Annotator "TA"]
[PlyCount "56"]
[EventDate "2024.03.26"]
[EventType "tourn"]
[EventCountry "HUN"]
[SourceTitle "playchess.com"]
[Source "ChessBase"]
[SourceQuality "1"]
[TimeControl "5400+30"]

1. Nf3 d5 2. c4 d4 3. e3 c5 4. exd4 cxd4 5. g3 Nc6 6. Bg2 e5 {[%emt 0:02:58] Hoping for ...e4.} 7. O-O Bd6 8. b4 {[%emt 0:22:13] The position is equal.} Nxb4 9. Nxe5 $1 Bxe5 10. Qa4+ Nc6 $1 11. Bxc6+ bxc6 12. Qxc6+ Bd7 13. Qe4 f6 {[%emt 0:02:13] ...Ne7 would now be deadly.} 14. f4 Bh3 $1 15. Rf2 {[%emt 0:13:54] [#]} (15. fxe5 $11 Bxf1 16. exf6+ Kf7 17. fxg7 Kxg7 18. Qg4+ Kf8 19. Ba3+ Kf7 20. Qh5+ Kg7 21. Qg4+ Kf7 22. Qh5+ Kg7 23. Nc3 Bxc4 24. Ne4) 15... Nh6 $1 $19 {[%emt 0:02:33][%cal Oe8g8] White must now prevent ...0-0!} 16. Ba3 {[%emt 0:02:39] [#]} Ng4 ({Don't do} 16... Bf5 17. Qb7 Bc7 18. Re2+ Kf7 19. Re7+ Kg6 20. Rxc7 $11 (20. Qxc7 $2 {loses.} Qxc7 21. Rxc7 Rhe8 $19)) 17. Rf3 $2 {[%emt 0:04:27] [#] This move loses the game for White.} (17. fxe5 $17 Nxf2 18. Qb7) 17... Kf7 $1 18. fxe5 {[%emt 0:00:09] Threatens to win with e6+.} (18. Bc5 Rc8) 18... Re8 19. Qxh7 Nxe5 20. Rb3 Qd7 {[%emt 0:02:26][%cal Oe5f3] Strongly threatening ...Nf3+!} 21. Bc5 {[%emt 0:04:25] [#]} Nf3+ $1 22. Kf2 Ng5 23. Qh5+ g6 24. Qh4 Qf5+ 25. Qf4 Ne4+ {[%emt 0:00:37] Black is clearly winning.} 26. Kg1 Nxc5 27. Na3 Qxf4 28. gxf4 Nxb3 {[%emt 0:00:05] Weighted Error Value: White=1.00/Black=0.37.  Loses game:     	White=2     	---        Inaccurate:     	White=1     	---        OK:         	White=4     	Black=5      Best:        	White=3     	Black=1      Strong:       	White=1     	Black=4} 0-1

[Event "SixDays GM March 2024"]
[Site "Budapest"]
[Date "2024.04.03"]
[Round "8.1"]
[White "Horvath, Adam"]
[Black "Juhasz, Agoston"]
[Result "0-1"]
[ECO "B50"]
[WhiteElo "2440"]
[BlackElo "2406"]
[Annotator "TA"]
[PlyCount "68"]
[EventDate "2024.03.26"]
[EventType "tourn"]
[EventCountry "HUN"]
[SourceTitle "playchess.com"]
[Source "ChessBase"]
[SourceQuality "1"]
[TimeControl "5400+30"]

1. e4 c5 2. Nf3 d6 3. c3 Nf6 4. h3 Nc6 5. d3 e5 6. Be2 Be7 7. O-O O-O 8. Re1 {[%emt 0:02:51] The position is equal.} Re8 9. Bf1 Bf8 10. a3 d5 11. exd5 Nxd5 12. b4 a6 13. Ra2 Bf5 14. Rae2 cxb4 15. axb4 Qf6 16. g3 h6 $1 17. Rc2 (17. Bb2 $142) 17... Rad8 (17... e4 $142 18. Rce2 Nxc3 19. Nxc3 Qxc3 20. dxe4 Be6 (20... Qxf3 21. Bg2 $17)) 18. Nbd2 {[%emt 0:00:23] [#]} (18. Rd2 $142) 18... e4 $1 $36 {[%emt 0:07:37][%mdl 2560] White is under strong pressure. Black is much more active.} 19. dxe4 Nxc3 20. Rxc3 Qxc3 21. Re3 {[%emt 0:02:01] [#]} (21. b5 $17 Rxe4 22. bxc6 Qxc6 23. Bb2) 21... Qxb4 (21... Qf6 $1 $19 {aiming for ...Be6.} 22. exf5 Rxe3 (22... Bxb4 23. Rxe8+ Rxe8 24. Qc2 $11) 23. fxe3 Qc3 (23... Bxb4 24. Qc2 $17) (23... Nxb4 24. Nd4 $17) (23... Qxf5 24. b5 $17)) 22. Ba3 {[%emt 0:00:38] [#]} (22. Rb3 $2 Qxe4 23. Bb2 b5 $19) 22... Qa5 23. Bxf8 {[%emt 0:00:04] Hoping for Ra3.} Bxe4 (23... Rxf8 $6 24. exf5 Qxf5 25. Qc1 $15) 24. Rxe4 {[%emt 0:00:17] This costs White the game.} (24. Qe1 $17 {only move.} Nd4 (24... Bxf3 $2 25. Rxe8 Rxe8 26. Qxe8 $18) 25. Nxd4 Rxd4 (25... Rxf8 $2 26. Rxe4 Qc3 27. N2b3 $18) 26. Nb3 Qxe1 27. Rxe1) 24... Rxe4 $19 ({Stronger than} 24... Kxf8 25. Rf4 $11) ({Weaker is} 24... Rxf8 25. Qc2 $11) 25. Qc2 $2 (25. Bc5 {was the only chance.}) 25... Ra4 {[%emt 0:02:38] Black is clearly winning.} 26. Bxg7 Kxg7 27. Qb2+ Kg8 28. Qxb7 Nd4 29. Qe7 Nxf3+ 30. Nxf3 Ra1 31. Kg2 {[%emt 0:00:03] [#]} Rxf1 32. Kxf1 Rd1+ 33. Kg2 (33. Ke2 $142 Rc1 34. Qf6) 33... Qd5 34. g4 Rd3 {[%emt 0:00:35] Weighted Error Value: White=0.87/Black=0.25 (precise) .  Loses game:     	White=1     	---        Mistake:       	White=4     	Black=2      Inaccurate:     	White=6     	Black=3      OK:         	White=7     	Black=5      Best:        	White=2     	Black=2      Strong:       	---       	Black=1} 0-1

[Event "SixDays GM March 2024"]
[Site "Budapest"]
[Date "2024.04.03"]
[Round "8.2"]
[White "Mihok, Oliver"]
[Black "Pribelszky, Bence"]
[Result "0-1"]
[ECO "B44"]
[WhiteElo "2549"]
[BlackElo "2354"]
[Annotator "TA"]
[PlyCount "72"]
[EventDate "2024.03.26"]
[EventType "tourn"]
[EventCountry "HUN"]
[SourceTitle "playchess.com"]
[Source "ChessBase"]
[SourceQuality "1"]
[TimeControl "5400+30"]

1. e4 c5 2. Nf3 e6 3. d4 cxd4 4. Nxd4 Nc6 5. a3 Nf6 6. Nc3 Qc7 7. Be3 Be7 8. f4 d5 9. e5 {[%emt 0:07:02] White is slightly better.} Nd7 10. Qh5 Nc5 11. O-O-O a6 {[%emt 0:15:40] Against Ndb5} 12. h4 ({White should try} 12. g4 $16) 12... Bd7 $14 13. Qg4 O-O 14. Nxc6 Qxc6 15. Bd4 (15. Rh3 $11 {might be stronger.}) 15... Rac8 16. Bd3 (16. Qe2 $11) 16... Qc7 (16... Nxd3+ $17 17. Rxd3 f6) 17. g3 (17. Kb1 $11 {keeps the balance.}) 17... b5 18. Qe2 Nxd3+ 19. Rxd3 Qb7 $1 20. Qf3 Rfd8 (20... b4 21. axb4 Bxb4 (21... Qxb4 22. f5 $15) 22. h5 $15) (20... a5 $142 $1 21. Kb1 b4 22. axb4 axb4) 21. Rf1 {[%emt 0:02:10] [#]} (21. Ne2 $17 {keeps fighting.}) 21... Bf8 (21... b4 22. axb4 Bxb4 23. h5 $15) (21... a5 $1 $19 {And now ...b4 would win.} 22. Ne2 b4 23. axb4 Bb5 (23... Bxb4 24. f5 $17) (23... axb4 24. b3 $19) (23... Qxb4 24. f5 $17) 24. bxa5 Qa6) 22. f5 a5 23. f6 {[%emt 0:01:25] [#] White does not recover from this.} (23. fxe6 $17 {was called for.} Bxe6 24. Ne2) 23... b4 $1 $19 24. axb4 axb4 25. fxg7 Bxg7 26. Qxf7+ $2 (26. Ne2 Bb5 27. Re3) 26... Kh8 27. Rf6 bxc3 28. bxc3 (28. Bxc3 $142 Qa7 (28... Rf8 $2 29. Qh5 $19) 29. Rd4) 28... Qa6 $2 (28... Ra8 {[%cal Oa8a2] ...Ra2! is the strong threat.} 29. Kd2 Qb1) 29. Qe7 $2 (29. h5 Qa3+ 30. Kd2) 29... Bb5 ({Weaker is} 29... Bxf6 30. exf6) (29... Qa2 $142 30. Re3 Ba4 (30... Bxf6 31. exf6)) 30. Rdf3 (30. Re3 $142 Re8 (30... Bxf6 31. exf6) 31. Qb4) 30... Re8 ({And not} 30... Bxf6 31. exf6) 31. Qf7 (31. Qa7 $142) 31... Be2 {[%emt 0:00:53] ...Qa1+ would now be deadly.} 32. Rf2 Qa1+ 33. Kd2 Qd1+ 34. Ke3 Bh5 35. Qd7 Qe1+ 36. Kd3 Bxf6 {[%emt 0:00:43] Weighted Error Value: White=1.35/Black=0.62.  Mistake:       	White=11    	Black=4      Inaccurate:     	White=4     	Black=4      OK:         	White=2     	Black=5      Best:        	---       	Black=2      Strong:       	---       	Black=1} 0-1

[Event "SixDays GM March 2024"]
[Site "Budapest"]
[Date "2024.04.03"]
[Round "8.3"]
[White "Grover, Sahaj"]
[Black "Konyves, Almos"]
[Result "1-0"]
[ECO "C77"]
[WhiteElo "2514"]
[BlackElo "2306"]
[Annotator "TA"]
[PlyCount "75"]
[EventDate "2024.03.26"]
[EventType "tourn"]
[EventCountry "HUN"]
[SourceTitle "playchess.com"]
[Source "ChessBase"]
[SourceQuality "1"]
[TimeControl "5400+30"]

1. e4 e5 2. Nf3 Nc6 3. Bb5 a6 4. Ba4 Nf6 5. Qe2 b5 6. Bb3 Bc5 7. d3 d6 8. c3 Bb6 9. Bg5 h6 10. Bh4 g5 {[%emt 0:04:11] The position is equal.} 11. Bg3 Bg4 12. Nbd2 Qe7 13. a4 {[%emt 0:01:05] Hoping for axb5.} Rb8 14. axb5 axb5 15. h4 O-O (15... Rg8 $11 {keeps the balance.}) 16. hxg5 hxg5 17. Nf1 $1 b4 18. Qd2 Nh7 19. Bd5 $36 {[%emt 0:01:21][%mdl 2048] White fights for an advantage.} (19. cxb4 Bxf3 20. gxf3 Nd4 $17) 19... bxc3 20. bxc3 Na5 21. Ne3 {[%emt 0:22:00] White is more active.} (21. d4 $16) 21... Nb3 $11 {[%emt 0:08:57] [#]} 22. Nxg4 $1 Nxd2 23. Kxd2 {[%emt 0:00:12] aiming for Nh6+.} Bc5 $2 (23... Qd7 $11 24. Nh6+ Kh8) 24. Nh6+ $1 $18 Kh8 {[%emt 0:00:02] [#]} 25. Nf5 $1 Qd8 {[%emt 0:00:01] [#]} 26. Nxe5 $2 {[%emt 0:07:23] Excellent horsemanship.} Rb2+ $1 $11 (26... dxe5 27. Bxe5+ f6 28. Rxh7+ Kxh7 29. Rh1+ Kg6 30. Rh6#) 27. Kc1 {[%emt 0:00:08] The board is on fire.} Ba3 $2 28. Rxa3 $18 Qb8 {[%emt 0:00:03] White must now prevent ...Rb1+.} 29. Ra8 Rb1+ 30. Kd2 Qb2+ 31. Ke3 {[%emt 0:00:05][%cal Ra8f8] White mates.} Re1+ 32. Rxe1 Qb6+ 33. d4 dxe5 34. Rxf8+ Nxf8 35. Bxf7 exd4+ 36. cxd4 Ng6 37. Rh1+ Nh4 38. Bxh4 {[%emt 0:00:11] Weighted Error Value: White=0.21 (precise) /Black=0.57.  Loses game:     	---       	Black=2      Missed win:     	White=1     	---        Mistake:       	White=1     	Black=1      Inaccurate:     	White=1     	Black=1      OK:         	White=5     	Black=8      Best:        	White=2     	Black=2      Strong:       	White=3     	Black=1} 1-0

[Event "SixDays GM March 2024"]
[Site "Budapest"]
[Date "2024.04.03"]
[Round "8.4"]
[White "Orujov, Farid"]
[Black "Mayank Chakraborty"]
[Result "0-1"]
[ECO "C79"]
[WhiteElo "2266"]
[BlackElo "2386"]
[Annotator "RC"]
[PlyCount "72"]
[EventDate "2024.03.26"]
[EventType "tourn"]
[EventCountry "HUN"]
[SourceTitle "playchess.com"]
[Source "ChessBase"]
[SourceQuality "1"]
[TimeControl "5400+30"]

1. e4 e5 2. Nf3 Nc6 3. Bb5 a6 4. Ba4 Nf6 5. O-O d6 6. d4 b5 7. dxe5 dxe5 8. Qxd8+ Nxd8 9. Bb3 Nd7 10. a4 b4 11. a5 Bb7 12. Nbd2 f6 13. Bc4 Nc5 14. Re1 Nf7 15. c3 Nd6 16. Bd5 O-O-O 17. Bxb7+ Ndxb7 18. Nc4 Nd3 19. Re2 Nbc5 20. Rb1 g5 21. cxb4 Nb3 22. Bd2 g4 23. Ne1 Nxb4 24. Bxb4 Bxb4 25. Nc2 Bc5 26. Ree1 h5 27. Rbd1 Kb7 28. N2e3 Bd4 29. Nd5 f5 30. Ne7 fxe4 31. Ng6 Rhe8 32. Ngxe5 Rf8 33. Kh1 Bxf2 34. Rxd8 Rxd8 35. Rf1 e3 36. g3 e2 0-1

[Event "SixDays GM March 2024"]
[Site "Budapest"]
[Date "2024.04.03"]
[Round "8.5"]
[White "Kaasen, Tor Fredrik"]
[Black "Uskov, Artem"]
[Result "0-1"]
[ECO "B47"]
[WhiteElo "2449"]
[BlackElo "2392"]
[Annotator "TA"]
[PlyCount "76"]
[EventDate "2024.03.26"]
[EventType "tourn"]
[EventCountry "HUN"]
[SourceTitle "playchess.com"]
[Source "ChessBase"]
[SourceQuality "1"]
[TimeControl "5400+30"]

1. e4 c5 2. Nf3 e6 3. d4 cxd4 4. Nxd4 Nc6 5. Nc3 Qc7 6. Be2 Nf6 7. Ndb5 Qb8 8. f4 a6 9. e5 {[%emt 0:00:36] The position is equal.} axb5 10. exf6 gxf6 (10... b4 $11 {keeps the balance.} 11. fxg7 Bxg7) 11. Nxb5 $16 Bc5 12. c3 Na7 13. b4 Bb6 14. Nd6+ Ke7 15. Nxc8+ (15. Nc4 $16 Bc7 16. O-O) 15... Rxc8 $11 16. Qd3 Qd6 (16... d5 $11) 17. Qxd6+ $16 (17. Qxh7 $2 Rxc3 18. Bd2 Qd4 $19) 17... Kxd6 18. a4 (18. Kd2 $16) 18... Rxc3 $11 19. Bb2 (19. Bd2 $11 Bd4 20. Rd1) 19... Rb3 $17 20. Bxf6 Rxb4 21. a5 {[%emt 0:12:04] [#]} Nc6 22. Bc3 (22. axb6 $2 Rxa1+ 23. Bxa1 Rb1+ (23... Rxf4 $2 24. Bb2 $18) 24. Bd1 Rxa1 $19) 22... Rb3 (22... Rxa5 23. Bxb4+ Nxb4 24. Rxa5 Bxa5 25. Kf2 $11) 23. O-O-O+ (23. axb6 $2 Rxa1+ 24. Bxa1 Rb1+ (24... Rxb6 $2 25. O-O $18) 25. Bd1 Rxa1 $19) 23... Ke7 24. Kc2 {[%emt 0:00:09] [#]} Rxc3+ 25. Kxc3 Rxa5 26. Bd3 f5 27. h3 Bd4+ 28. Kb3 b5 {[%emt 0:00:01] Black is more active.} 29. g4 b4 {[%emt 0:00:05] aiming for ...Ra3+.} 30. Rb1 $2 {[%emt 0:00:48][%mdl 8192] This costs White the game.} (30. Bb1 $17 {is the only way for White.}) 30... Ra3+ 31. Kc2 Be3 (31... Rc3+ 32. Kd2 $17) 32. Rbd1 Bxf4 33. gxf5 Nd4+ 34. Kb1 exf5 (34... Nxf5 35. Bxf5 exf5 36. Rhe1+ Kf6 37. Rxd7 $17) 35. Rhe1+ Kf6 36. Bc4 Be5 37. Rd3 {[%emt 0:00:17] [#]} Ra5 $1 {[%emt 0:03:59] White must now prevent ...d5.} 38. Ba2 {[%emt 0:01:36] [#]} (38. Bg8) 38... b3 $1 {[%emt 0:00:34] Weighted Error Value: White=0.43/Black=0.17 (very precise) .  Loses game:     	White=1     	---        Mistake:       	White=4     	Black=3      Inaccurate:     	White=2     	Black=1      OK:         	White=9     	Black=13     Best:        	White=8     	Black=5      Strong:       	---       	Black=1      Brilliant:      	---       	Black=1} 0-1

[Event "SixDays GM March 2024"]
[Site "Budapest"]
[Date "2024.04.04"]
[Round "9.1"]
[White "Uskov, Artem"]
[Black "Horvath, Adam"]
[Result "1/2-1/2"]
[ECO "A30"]
[WhiteElo "2392"]
[BlackElo "2440"]
[Annotator "RC"]
[PlyCount "63"]
[EventDate "2024.03.26"]
[EventType "tourn"]
[EventCountry "HUN"]
[SourceTitle "playchess.com"]
[Source "ChessBase"]
[SourceQuality "1"]
[TimeControl "5400+30"]

1. c4 c5 2. Nf3 Nc6 3. Nc3 g6 4. e3 Nf6 5. d4 cxd4 6. exd4 d5 7. cxd5 Nxd5 8. Qb3 e6 9. Bb5 Bg7 10. O-O O-O 11. Bxc6 bxc6 12. Re1 Ba6 13. Na4 Nb6 14. Nc5 Bc4 15. Qc3 Bd5 16. Bg5 Qb8 17. Rad1 a5 18. b3 a4 19. Nd2 axb3 20. axb3 h6 21. Be3 Rd8 22. Nd3 Nc8 23. Bf4 Qb6 24. Be5 Bf8 25. Nc5 Nd6 26. Nc4 Qb5 27. Nxd6 Bxd6 28. Bxd6 Rxd6 29. Qe3 h5 30. Ra1 Rxa1 31. Rxa1 Qb8 32. Qg5 1/2-1/2

[Event "SixDays GM March 2024"]
[Site "Budapest"]
[Date "2024.04.04"]
[Round "9.2"]
[White "Mayank Chakraborty"]
[Black "Kaasen, Tor Fredrik"]
[Result "1/2-1/2"]
[ECO "C50"]
[WhiteElo "2386"]
[BlackElo "2449"]
[Annotator "TA"]
[PlyCount "123"]
[EventDate "2024.03.26"]
[EventType "tourn"]
[EventCountry "HUN"]
[SourceTitle "playchess.com"]
[Source "ChessBase"]
[SourceQuality "1"]
[TimeControl "5400+30"]

1. e4 e5 2. Nf3 Nc6 3. Bc4 Bc5 4. d3 Nf6 5. O-O O-O 6. c3 d6 7. h3 a5 8. Re1 Ba7 9. Nbd2 Be6 10. Bb5 Ne7 11. d4 Ng6 12. Ba4 c6 13. Bc2 Re8 14. Nf1 exd4 15. cxd4 d5 16. e5 Ne4 17. Ng3 Nxg3 18. fxg3 f6 19. Kh2 Bf7 20. h4 Nf8 21. exf6 Qxf6 22. Ne5 Bg6 23. Bg5 Bxc2 24. Qxc2 Qd6 25. Qf5 Qe6 (25... Bxd4 $2 26. Qf7+ Kh8 27. Qxe8 Bxe5 (27... Bg1+ $2 28. Kxg1 Rxe8 29. Nf7+ Kg8 30. Nxd6 $18) 28. Qxe5 $18 (28. Qxa8 Bxg3+ 29. Kh1 Qb8 $18)) 26. Qf2 (26. Qd3 $11) 26... Ng6 (26... h6 $15 27. Bf4 Qf6) 27. Bf4 (27. Qd2 $11) 27... Qf6 $17 28. Nxg6 hxg6 (28... Bxd4 $142 29. Ne7+ (29. Rxe8+ Rxe8 30. Qd2 hxg6 $15) 29... Rxe7) 29. Qd2 Qxd4 30. Qxa5 Qxb2 31. Qxa7 $4 ({Only move:} 31. Qc7 $1 $15) 31... Qxa1 $19 32. Qxa8 Qxe1 33. Qxb7 Qe6 34. a4 Qc8 35. Qb6 Re7 (35... Re2 $142 36. a5 Qe6) 36. a5 $19 Rb7 37. Qa6 Kh7 38. Be3 Rb8 (38... c5 39. h5 gxh5 40. Bxc5 $14) 39. Qa7 Ra8 40. Qc5 Qc7 41. Bd2 Ra6 42. Bc3 Qa7 43. Qd6 Qb7 44. Qc5 Ra8 45. Qd4 (45. Qe3 $142) 45... Qa7 $19 46. Qe5 Rd8 47. Qg5 Rf8 48. h5 Qf7 49. a6 gxh5 $2 ({Black should play} 49... Ra8 $19 50. h6 Qf5 (50... gxh6 $2 51. Qe5 $19) (50... Rxa6 51. hxg7 Qf5 52. Qd8 $11)) 50. Bd4 $1 $15 Qg6 51. Qe7 $2 {[%emt 0:01:02][%mdl 8192] [#]} (51. Qxg6+ $2 Kxg6 52. Kh3 Ra8 $19) ({White has to play} 51. Qd2 $1 $15) 51... Re8 $1 $19 52. Qd7 {[%emt 0:00:26] [#]} h4 $1 (52... Ra8 53. Qb7 Rd8 54. a7 $11) 53. gxh4 Re2 54. Qh3 Qe4 55. a7 Ra2 $1 (55... Qxd4 $2 56. a8=Q (56. a8=B $2 Qe5+ 57. Qg3 c5 $19) 56... Qe5+ 57. Qg3 $18) 56. h5 (56. Bf2 $142) 56... Ra4 $2 ({Weaker is} 56... Qf4+ 57. Qg3 Qf7 (57... Qxd4 58. Qg6+ Kh8 59. Qe8+ Kh7 60. Qg6+ Kh8 61. Qe8+ Kh7 62. Qg6+ $11) 58. Qe5 $11) (56... Qxd4 $19 57. Qf5+ Kg8 58. Qe6+ Kf8 (58... Kh7 59. Qg6+ Kg8 60. Qe8+ Kh7 61. Qg6+ Kh8 62. Qe8+ Kh7 63. Qg6+ $11) 59. Qc8+ Kf7 60. Qf5+ Qf6 (60... Ke7 $2 61. Qg5+ Qf6 62. Qg3 $19)) 57. Qg3 $1 $11 Qe7 (57... Rxd4 $2 {too greedy.} 58. a8=Q $18 (58. a8=B $2 {loses.} c5 $19)) (57... Qxd4 $5 58. Qg6+ $8 Kh8 59. Qe8+ Kh7 60. Qg6+ Kh8 61. Qe8+ Kh7 62. Qg6+ $11) 58. Qf4 c5 59. Qf5+ Kh8 60. Qc8+ Kh7 61. Qf5+ Kh8 62. Qc8+ 1/2-1/2

[Event "SixDays GM March 2024"]
[Site "Budapest"]
[Date "2024.04.04"]
[Round "9.3"]
[White "Konyves, Almos"]
[Black "Orujov, Farid"]
[Result "0-1"]
[ECO "D70"]
[WhiteElo "2306"]
[BlackElo "2266"]
[Annotator "RC"]
[PlyCount "86"]
[EventDate "2024.03.26"]
[EventType "tourn"]
[EventCountry "HUN"]
[SourceTitle "playchess.com"]
[Source "ChessBase"]
[SourceQuality "1"]
[TimeControl "5400+30"]

1. d4 d5 2. c4 c6 3. Nf3 Nf6 4. Nbd2 Bf5 5. Nh4 Bg4 6. h3 Bh5 7. g4 Bg6 8. Nxg6 hxg6 9. g5 Nfd7 10. e3 e5 11. Qb3 Qc7 12. Bg2 exd4 13. exd4 Bd6 14. Qe3+ Kf8 15. O-O Bh2+ 16. Kh1 Bf4 17. Qf3 Bxg5 18. cxd5 cxd5 19. Qxd5 Rh5 20. Ne4 Be7 21. Qb3 Nc6 22. Be3 Nf6 23. Nxf6 Bxf6 24. d5 Ne5 25. Bf4 Qd7 26. Rfe1 Qf5 27. Re4 Ng4 28. Kg1 Nxf2 29. Kxf2 g5 30. Qb4+ Kg8 31. Rae1 Rh4 32. Re8+ Rxe8 33. Rxe8+ Kh7 34. Be4 Rxf4+ 35. Ke3 g6 36. Qxb7 Qxh3+ 37. Ke2 Qg4+ 38. Kd3 Qd1+ 39. Kc4 Qd4+ 40. Kb5 Rxe4 41. Qxf7+ Bg7 42. Rxe4 Qxe4 43. d6 Qf5+ 0-1

[Event "SixDays GM March 2024"]
[Site "Budapest"]
[Date "2024.04.04"]
[Round "9.4"]
[White "Pribelszky, Bence"]
[Black "Grover, Sahaj"]
[Result "0-1"]
[ECO "C55"]
[WhiteElo "2354"]
[BlackElo "2514"]
[Annotator "RC"]
[PlyCount "172"]
[EventDate "2024.03.26"]
[EventType "tourn"]
[EventCountry "HUN"]
[SourceTitle "playchess.com"]
[Source "ChessBase"]
[SourceQuality "1"]
[TimeControl "5400+30"]

1. e4 e5 2. Nf3 Nc6 3. Bc4 Nf6 4. d3 h6 5. O-O d6 6. a4 g6 7. a5 a6 8. Re1 Bg7 9. h3 O-O 10. c3 b5 11. axb6 cxb6 12. b4 Bb7 13. Bb2 d5 14. exd5 Nxd5 15. Bxd5 Qxd5 16. c4 Qd7 17. b5 axb5 18. cxb5 Nb4 19. Rxa8 Rxa8 20. Bxe5 Qxd3 21. Bxg7 Kxg7 22. Qd2 Qxb5 23. Re7 Bxf3 24. Qc3+ Kg8 25. Rxf7 Kxf7 26. Qxf3+ Qf5 27. Qb7+ Kf6 28. Qxb6+ Qe6 29. Qxb4 g5 30. Nd2 Qe1+ 31. Kh2 Qe5+ 32. g3 Re8 33. h4 Qd5 34. Qc3+ Kg6 35. Qc2+ Kg7 36. Qc3+ Kf7 37. hxg5 hxg5 38. Qf3+ Qxf3 39. Nxf3 g4 40. Nh4 Kf6 41. Kg2 Re2 42. Kf1 Ra2 43. f3 Kg5 44. fxg4 Kxg4 45. Ng2 Kxg3 46. Ne1 Rd2 47. Kg1 Rf2 48. Nd3 Rf5 49. Ne1 Rf8 50. Ng2 Kf3 51. Kf1 Rf7 52. Ne1+ Ke3+ 53. Kg1 Ke2 54. Ng2 Rh7 55. Nf4+ Kf3 56. Nd3 Rh4 57. Nf2 Ra4 58. Nd3 Ra1+ 59. Kh2 Ra2+ 60. Kg1 Ke3 61. Ne5 Ra4 62. Kh2 Re4 63. Ng6 Rg4 64. Ne5 Rg5 65. Nc4+ Kd3 66. Nb2+ Ke2 67. Nc4 Rc5 68. Nd6 Kf3 69. Kg1 Kf4 70. Kf2 Ke5 71. Nf7+ Kf5 72. Nd6+ Kf4 73. Ke2 Re5+ 74. Kf2 Rd5 75. Nc4 Rd4 76. Na3 Ra4 77. Nb5 Ra2+ 78. Ke1 Ke3 79. Kf1 Kd3 80. Nd6 Ra6 81. Ne8 Ke4 82. Nc7 Rb6 83. Kf2 Ke5 84. Kf3 Rb7 85. Na6 Kd6 86. Ke4 Rb6 0-1

[Event "SixDays GM March 2024"]
[Site "Budapest"]
[Date "2024.04.04"]
[Round "9.5"]
[White "Juhasz, Agoston"]
[Black "Mihok, Oliver"]
[Result "0-1"]
[ECO "B40"]
[WhiteElo "2406"]
[BlackElo "2549"]
[Annotator "TA"]
[PlyCount "114"]
[EventDate "2024.03.26"]
[EventType "tourn"]
[EventCountry "HUN"]
[SourceTitle "playchess.com"]
[Source "ChessBase"]
[SourceQuality "1"]
[TimeControl "5400+30"]

1. e4 c5 2. Nf3 e6 3. c3 d5 4. exd5 Qxd5 5. d4 Nf6 6. Be2 Nc6 7. O-O cxd4 8. cxd4 a6 9. Nc3 Qd6 10. Be3 Be7 11. Nd2 {[%emt 0:01:45] B28: Sicilian: 2 Nf3 a6 (O'Kelly Variation).} Nb4 12. Nde4 Nxe4 13. Nxe4 Qd8 14. Nc3 Bd7 $146 ({Predecessor:} 14... O-O 15. Bf3 {½-½ Ciric,D-Taimanov,M Chigorin Memorial-02 1961 (1)}) 15. a3 Nd5 16. Nxd5 exd5 17. Qb3 Bc6 18. Bd2 a5 19. Bb5 O-O 20. Bxc6 bxc6 21. Rfc1 Qb8 22. Qd3 a4 23. Rc2 Qb7 24. g3 Ra6 25. Re1 Rb6 26. Bc3 Bd6 27. Rce2 Qd7 28. Re3 g6 29. Qe2 Rbb8 30. Qa6 Ra8 31. Qe2 Rfb8 32. Kg2 h5 33. h3 Qf5 34. Rf3 Qd7 35. Re3 Kf8 36. Qf3 Kg7 37. Qe2 Kg8 38. Qf3 Re8 39. Qf6 Bf8 40. Qf3 Rxe3 41. Rxe3 Re8 42. Bd2 Bg7 43. Qf4 f5 (43... Rxe3 $15 44. Qxe3 Qf5 45. Qe8+ Kh7 46. Qxc6 Qe4+ (46... Bxd4 47. Be3 $15) 47. Kf1 Qd3+ (47... Bxd4 $2 48. Be1 $19) (47... Qxd4 48. Bc3 $15) 48. Ke1 Bxd4 (48... Qxd4 49. Bc3 $11) 49. Qxa4 (49. Bc3 $2 Qe4+ 50. Kd1 Qf3+ 51. Kc1 Bxf2 $19) 49... Bxf2+ (49... Bxb2 50. Qf4 $11) 50. Kxf2 Qxd2+ 51. Kf1 Qc1+ (51... Qxb2 52. Qb4 $17) 52. Ke2 Qxb2+ 53. Kd1 Qc3) 44. b3 $11 Rxe3 45. Qxe3 axb3 46. Qxb3 Bxd4 47. a4 Kf7 48. a5 Qa7 49. Qa4 Qc5 50. Be3 Bxe3 51. fxe3 Qxe3 52. a6 Qe2+ 53. Kg1 Qe3+ 54. Kg2 h4 55. a7 $2 {[%emt 0:01:12][%mdl 8192] [#]} (55. gxh4 $11 f4 56. a7 (56. Qxc6 Qe2+ 57. Kh1 Qf1+ 58. Kh2 Qf2+ 59. Kh1 Qe1+ 60. Kg2 Qg3+ 61. Kh1 Qxh3+ 62. Kg1 Qg4+ 63. Kf1 Qd1+ 64. Kg2 Qe2+ 65. Kg1 Qg4+ 66. Kf1 Qh3+ 67. Ke2 Qe3+ 68. Kd1 Qg1+ 69. Kc2 Qf2+ 70. Kb3 Qe3+ 71. Kc2 Qe2+ 72. Kc3 Qe5+ 73. Kc2 f3 $11)) 55... Qe2+ $1 ({Weaker is} 55... Qxg3+ 56. Kf1 Qf3+ (56... Qxh3+ 57. Ke1 $11) 57. Ke1 Qe3+ (57... Qxh3 $2 {is the wrong capture.} 58. a8=Q $18) 58. Kd1 Qd3+ (58... Qxh3 $2 59. a8=Q $18) 59. Kc1 Qc3+ (59... Qxh3 $2 60. a8=Q $18) 60. Kd1 Qd3+ (60... Qxh3 $2 61. a8=Q $18) 61. Ke1 Qe3+ (61... Qxh3 $2 62. a8=Q $18) 62. Kf1 Qd3+ (62... Qxh3+ 63. Ke2 $11) 63. Ke1 Qe3+ $11 (63... Qxh3 $2 64. a8=Q $18)) 56. Kg1 hxg3 57. Qd4 Qh2+ 0-1